GCL
HOUSTON (GCL) ASTROS @ BALTIMORE (GCL) ORIOLES
08/02/2099
 
TOP OF THE 1ST
Houston (GCL) Astros batting - Pitching for Baltimore (GCL) Orioles : RHP Joe Weight
Pitching: RHP Joe Weight
Batting: LHB Nick LaTour 0-0: Foul Ball, location: 9LSFF
0-1: Foul Ball, location: 3F
0-2: Ball
1-2: Ball
2-2: Strikes out looking
Batting: LHB Caleb Crowley 0-0: Called Strike
0-1: Ground out U3 (Groundball, 34S, EV 75.0 MPH)
Batting: RHB Jeff Lawther 0-0: Ball
1-0: SINGLE (Line Drive, 78S, EV 102.5 MPH)
Batting: RHB Jeremiah Watson 0-0: Ball
Jeff Lawther steals 2nd base
1-0: Ball
2-0: Ball
3-0: Called Strike
3-1: Called Strike
3-2: 2-RUN HOME RUN (Flyball, 9D, EV 100.6 MPH), Distance : 376 ft
Batting: LHB Brandon Davis 0-0: Ball
1-0: Ball
2-0: SOLO HOME RUN (Flyball, 9LD, EV 91.9 MPH), Distance : 340 ft
Batting: LHB Pat Graves 0-0: Foul Ball, location: 3FF
0-1: Ball
1-1: Foul Ball, location: 3SF
1-2: Strikes out swinging
Top of the 1st over - 3 runs, 3 hits, 0 errors, 0 left on base; Houston (GCL) 3 - Baltimore (GCL) 0
BOTTOM OF THE 1ST
Baltimore (GCL) Orioles batting - Pitching for Houston (GCL) Astros : RHP Jonathan Buboltz
Pitching: RHP Jonathan Buboltz
Batting: RHB Matt Wilson 0-0: Ball
1-0: SINGLE (Groundball, 34D, EV 106.9 MPH)
Batting: SHB Mike Martinez 0-0: Called Strike
0-1: Swinging Strike
0-2: Ball
1-2: Ball
2-2: Ball
3-2: Base on Balls
Matt Wilson to second
Batting: LHB Ali Perry 0-0: Ball
1-0: Swinging Strike
1-1: Ball
2-1: Ball
3-1: Foul Ball, location: 5DF
3-2: Strikes out swinging
Batting: RHB Eddie Medina 0-0: Ball
1-0: Swinging Strike
1-1: Swinging Strike
1-2: Strikes out looking
Batting: LHB Mark Dunlap 0-0: Foul Ball, location: 7LMF
0-1: Ball
1-1: Foul Ball, location: 5F
1-2: Foul Ball, location: 3SF
1-2: Foul Ball, location: 7LSF
1-2: Ball
2-2: Fly out, F7 (Line Drive, 7D, EV 91.9 MPH)
Bottom of the 1st over - 0 runs, 1 hit, 0 errors, 2 left on base; Houston (GCL) 3 - Baltimore (GCL) 0
TOP OF THE 2ND
Houston (GCL) Astros batting - Pitching for Baltimore (GCL) Orioles : RHP Joe Weight
Batting: RHB Doug Fitzsimons 0-0: Ball
1-0: Ground out 6-3 (Groundball, 6, EV 71.3 MPH)
Batting: RHB Chris Hassett 0-0: Ball
1-0: Foul Ball, location: 7LSF
1-1: Ball
2-1: Ball
3-1: Called Strike
3-2: Strikes out swinging
Batting: RHB Alex Castillo 0-0: Ball
1-0: Fly out, F9 (Flyball, 9S, EV 87.5 MPH)
Top of the 2nd over - 0 runs, 0 hits, 0 errors, 0 left on base; Houston (GCL) 3 - Baltimore (GCL) 0
BOTTOM OF THE 2ND
Baltimore (GCL) Orioles batting - Pitching for Houston (GCL) Astros : RHP Jonathan Buboltz
Batting: LHB Adrian Marquez 0-0: Called Strike
0-1: Foul Ball, location: 2F
0-2: Ball
1-2: Strikes out swinging
Batting: RHB Danny Santiago 0-0: Ball
1-0: Ball
2-0: Swinging Strike
2-1: Ball
3-1: Called Strike
3-2: Strikes out swinging
Batting: RHB Jim Unknown 0-0: Foul Ball, location: 3FF
0-1: Ball
1-1: Swinging Strike
1-2: Strikes out swinging
Bottom of the 2nd over - 0 runs, 0 hits, 0 errors, 0 left on base; Houston (GCL) 3 - Baltimore (GCL) 0
TOP OF THE 3RD
Houston (GCL) Astros batting - Pitching for Baltimore (GCL) Orioles : RHP Joe Weight
Batting: LHB Nick LaTour 0-0: Ball
1-0: Called Strike
1-1: Foul Ball, location: 7LDF
1-2: Foul Ball, location: 2F
1-2: Ball
2-2: SINGLE (Groundball, 34D, EV 95.6 MPH)
Batting: LHB Caleb Crowley 0-0: Ball
Nick LaTour steals 2nd base
1-0: Foul Ball, location: 7LMF
1-1: Swinging Strike
1-2: Ball
2-2: Foul Ball, location: 9LSFF
2-2: SINGLE (Line Drive, 89S, EV 96.9 MPH)
Nick LaTour to third
Batting: RHB Jeff Lawther 0-0: Called Strike
0-1: Ball
1-1: Ball
2-1: Foul Ball, location: 2F
2-2: SINGLE (Groundball, 4, EV 103.1 MPH)
Nick LaTour scores
Caleb Crowley to second
Runner from 2nd tries for 3rd, SAFE, throw by CF made to third
Batting: RHB Jeremiah Watson 0-0: Ball
1-0: Ball
2-0: Fly out, F9 (Flyball, 9, EV 89.4 MPH)
Runner from 3rd tags up, SCORES, throw by RF
Pitching: RHP Alex Mercado
Batting: LHB Brandon Davis 0-0: SINGLE (Groundball, 34, EV 101.9 MPH) (infield hit)
Jeff Lawther to second
Batting: LHB Pat Graves 0-0: Called Strike
0-1: Ball
1-1: Foul Ball, location: 2RF
1-2: Strikes out swinging
Batting: RHB Doug Fitzsimons 0-0: Fielders Choice at 2nd, 6-4 (Groundball, 6, EV 108.1 MPH)
Top of the 3rd over - 2 runs, 4 hits, 0 errors, 2 left on base; Houston (GCL) 5 - Baltimore (GCL) 0
BOTTOM OF THE 3RD
Baltimore (GCL) Orioles batting - Pitching for Houston (GCL) Astros : RHP Jonathan Buboltz
Batting: RHB Francisco Ferrer 0-0: Ball
1-0: Called Strike
1-1: Called Strike
1-2: Ball
2-2: Strikes out looking
Batting: RHB Matt Wilson 0-0: Ball
1-0: Foul Ball, location: 25F
1-1: Called Strike
1-2: Fly out, F8 (Line Drive, 8LD, EV 103.1 MPH)
Batting: SHB Mike Martinez 0-0: Ball
1-0: Ball
2-0: Fly out, F9 (Flyball, 89S, EV 86.9 MPH)
Bottom of the 3rd over - 0 runs, 0 hits, 0 errors, 0 left on base; Houston (GCL) 5 - Baltimore (GCL) 0
TOP OF THE 4TH
Houston (GCL) Astros batting - Pitching for Baltimore (GCL) Orioles : RHP Alex Mercado
Batting: RHB Chris Hassett 0-0: Ball
1-0: Swinging Strike
1-1: Ball
2-1: Fly out, F9 (Flyball, 9D, EV 98.1 MPH)
Batting: RHB Alex Castillo 0-0: Called Strike
0-1: Fly out, F7 (Flyball, 78M, EV 89.4 MPH)
Batting: LHB Nick LaTour 0-0: Ball
1-0: Fly out, F9 (Flyball, 9, EV 90.6 MPH)
Top of the 4th over - 0 runs, 0 hits, 0 errors, 0 left on base; Houston (GCL) 5 - Baltimore (GCL) 0
BOTTOM OF THE 4TH
Baltimore (GCL) Orioles batting - Pitching for Houston (GCL) Astros : RHP Jonathan Buboltz
Batting: LHB Ali Perry 0-0: Ball
1-0: Ball
2-0: Ball
3-0: Called Strike
3-1: Base on Balls
Batting: RHB Eddie Medina 0-0: Ball
1-0: Called Strike
Ali Perry steals 2nd base
1-1: Swinging Strike
1-2: Ball
Wild Pitch!
Ali Perry to third
2-2: Foul Ball, location: 9LDF
2-2: Foul Ball, location: 2F
2-2: Strikes out looking
Batting: LHB Mark Dunlap 0-0: Ground out 4-3 (Groundball, 4, EV 88.1 MPH)
Ali Perry scores
Batting: LHB Adrian Marquez 0-0: Ball
1-0: Ball
2-0: Ball
3-0: Called Strike
3-1: Swinging Strike
3-2: Strikes out swinging
Bottom of the 4th over - 1 run, 0 hits, 0 errors, 0 left on base; Houston (GCL) 5 - Baltimore (GCL) 1
TOP OF THE 5TH
Houston (GCL) Astros batting - Pitching for Baltimore (GCL) Orioles : RHP Alex Mercado
Batting: LHB Caleb Crowley 0-0: Called Strike
0-1: Ball
1-1: Ball
2-1: SINGLE (Line Drive, 4D, EV 99.4 MPH)
Batting: RHB Jeff Lawther 0-0: Ball
1-0: Ground out 4-3 (Groundball, 34, EV 91.3 MPH)
Caleb Crowley to second
Batting: RHB Jeremiah Watson 0-0: Foul Ball, location: 2F
0-1: Ball
1-1: Ball
2-1: Called Strike
2-2: Ball
3-2: Base on Balls
Batting: LHB Brandon Davis 0-0: Swinging Strike
0-1: DOUBLE (Line Drive, 78XD, EV 103.1 MPH)
Caleb Crowley scores
Jeremiah Watson to third
Runner from 3rd tries for Home, SAFE, no throw by LF
Batting: LHB Pat Graves 0-0: Ball
1-0: Foul Ball, location: 2F
1-1: Ball
Brandon Davis steals 3rd base
2-1: Called Strike
2-2: Fly out, F7 (Flyball, 7LM, EV 89.4 MPH)
Batting: RHB Doug Fitzsimons 0-0: Ball
1-0: Called Strike
1-1: Ball
2-1: Swinging Strike
2-2: Ball
3-2: Ground out 4-3 (Groundball, 4, EV 94.4 MPH)
Top of the 5th over - 2 runs, 2 hits, 0 errors, 1 left on base; Houston (GCL) 7 - Baltimore (GCL) 1
BOTTOM OF THE 5TH
Baltimore (GCL) Orioles batting - Pitching for Houston (GCL) Astros : RHP Jonathan Buboltz
Batting: RHB Danny Santiago 0-0: Ball
1-0: Called Strike
1-1: Swinging Strike
1-2: Ball
2-2: Foul Ball, location: 23F
2-2: Ball
3-2: Base on Balls
Batting: RHB Jim Unknown 0-0: Swinging Strike
0-1: Called Strike
0-2: Strikes out swinging
Batting: RHB Francisco Ferrer 0-0: Ball
1-0: Foul Ball, location: 5F
1-1: Swinging Strike
1-2: Foul Ball, location: 9LSF
1-2: Ball
2-2: Foul Ball, location: 2F
2-2: Foul Ball, location: 2F
2-2: Fly out, F9 (Flyball, 9, EV 90.6 MPH)
Pitching: RHP Marco Tinajero
Batting: RHB Matt Wilson 0-0: Ball
1-0: Called Strike
1-1: Ball
2-1: Ball
3-1: SINGLE (Line Drive, 3D, EV 97.5 MPH)
Danny Santiago to second
Runner from 2nd tries for 3rd, SAFE, throw by RF made to third
Batting: SHB Mike Martinez 0-0: Swinging Strike
0-1: Ground out 3-1 (Groundball, 34S, EV 86.9 MPH)
Bottom of the 5th over - 0 runs, 1 hit, 0 errors, 2 left on base; Houston (GCL) 7 - Baltimore (GCL) 1
TOP OF THE 6TH
Houston (GCL) Astros batting - Pitching for Baltimore (GCL) Orioles : RHP Alex Mercado
Batting: RHB Chris Hassett 0-0: Ball
1-0: Called Strike
1-1: Called Strike
1-2: Ball
2-2: Strikes out swinging
Pinch Hitting: RHB Francisco Avila 0-0: Called Strike
0-1: Fly out, F7 (Flyball, 7D, EV 105.6 MPH)
Batting: LHB Nick LaTour 0-0: Ground out 3-1 (Groundball, 34S, EV 82.5 MPH)
Top of the 6th over - 0 runs, 0 hits, 0 errors, 0 left on base; Houston (GCL) 7 - Baltimore (GCL) 1
BOTTOM OF THE 6TH
Baltimore (GCL) Orioles batting - Pitching for Houston (GCL) Astros : RHP Marco Tinajero
Now at 3B: Francisco Avila
Batting: LHB Ali Perry 0-0: Ball
1-0: Ball
2-0: SINGLE (Groundball, 4MD, EV 95.0 MPH)
Batting: RHB Eddie Medina 0-0: Grounds into double play, 6-4-3 (Groundball, 6, EV 85.6 MPH)
Batting: LHB Mark Dunlap 0-0: Foul Ball, location: 2F
0-1: Called Strike
0-2: Strikes out swinging
Bottom of the 6th over - 0 runs, 1 hit, 0 errors, 0 left on base; Houston (GCL) 7 - Baltimore (GCL) 1
TOP OF THE 7TH
Houston (GCL) Astros batting - Pitching for Baltimore (GCL) Orioles : RHP Alex Mercado
Pitching: RHP Edgar Martinez
Batting: LHB Caleb Crowley 0-0: Called Strike
0-1: Ball
1-1: Ball
2-1: Ground out 3-1 (Groundball, 34, EV 101.3 MPH)
Batting: RHB Jeff Lawther 0-0: Called Strike
0-1: SINGLE (Line Drive, 8RS, EV 103.1 MPH)
Batting: RHB Jeremiah Watson 0-0: Swinging Strike
0-1: Called Strike
Jeff Lawther steals 2nd base
0-2: Fly out, F3 (Popup, 34, EV 69.4 MPH)
Batting: LHB Brandon Davis 0-0: Ball
1-0: Called Strike
1-1: Foul Ball, location: 2F
1-2: Ball
2-2: Fly out, F5 (Popup, 5S, EV 76.9 MPH)
Top of the 7th over - 0 runs, 1 hit, 0 errors, 1 left on base; Houston (GCL) 7 - Baltimore (GCL) 1
BOTTOM OF THE 7TH
Baltimore (GCL) Orioles batting - Pitching for Houston (GCL) Astros : RHP Marco Tinajero
Batting: LHB Adrian Marquez 0-0: Fly out, F4 (Popup, 4M, EV 66.9 MPH)
Batting: RHB Danny Santiago 0-0: Fly out, F8 (Flyball, 8RD, EV 83.8 MPH)
Batting: RHB Jim Unknown 0-0: Foul Ball, location: 2F
0-1: Swinging Strike
0-2: Ball
1-2: Foul Ball, location: 9LSF
1-2: Ball
2-2: Strikes out swinging
Bottom of the 7th over - 0 runs, 0 hits, 0 errors, 0 left on base; Houston (GCL) 7 - Baltimore (GCL) 1
TOP OF THE 8TH
Houston (GCL) Astros batting - Pitching for Baltimore (GCL) Orioles : RHP Edgar Martinez
Batting: LHB Pat Graves 0-0: Called Strike
0-1: Ball
1-1: TRIPLE (Line Drive, 78XD, EV 106.3 MPH)
Batting: RHB Gabe Vargas 0-0: Reached on error, E6 (Groundball, 56, EV 87.5 MPH)
Pat Graves scores
Batting: RHB Chris Hassett 0-0: Ball
1-0: Grounds into double play, 5-4-3 (Groundball, 5, EV 110.0 MPH)
Pinch Hitting: RHB Alonzo Cabada 0-0: Ball
1-0: Ball
2-0: Ball
3-0: Called Strike
3-1: Base on Balls
Batting: LHB Nick LaTour 0-0: Called Strike
0-1: Fly out, F9 (Flyball, 9, EV 98.8 MPH)
Top of the 8th over - 1 run, 1 hit, 1 error, 1 left on base; Houston (GCL) 8 - Baltimore (GCL) 1
BOTTOM OF THE 8TH
Baltimore (GCL) Orioles batting - Pitching for Houston (GCL) Astros : RHP Marco Tinajero
Now at 3B: Matt Eades
Batting: RHB Francisco Ferrer 0-0: Ball
1-0: Fly out, F7 (Flyball, 7, EV 91.3 MPH)
Batting: RHB Matt Wilson 0-0: Foul Ball, location: 9LDF
0-1: Foul Ball, location: 2F
0-2: Strikes out swinging
Batting: SHB Mike Martinez 0-0: Called Strike
0-1: Ball
1-1: Foul Ball, location: 2RF
1-2: TRIPLE (Line Drive, 9LD, EV 104.4 MPH)
Batting: LHB Ali Perry 0-0: Called Strike
0-1: Fly out, F7 (Flyball, 78S, EV 76.9 MPH)
Bottom of the 8th over - 0 runs, 1 hit, 0 errors, 1 left on base; Houston (GCL) 8 - Baltimore (GCL) 1
TOP OF THE 9TH
Houston (GCL) Astros batting - Pitching for Baltimore (GCL) Orioles : RHP Edgar Martinez
Batting: LHB Caleb Crowley 0-0: Called Strike
0-1: Ball
1-1: Ball
2-1: Foul Ball, location: 2F
2-2: Ball
3-2: Strikes out swinging
Batting: RHB Jeff Lawther 0-0: Called Strike
0-1: Foul Ball, location: 2F
0-2: Strikes out swinging
Pinch Hitting: RHB Esteban Rivas 0-0: Swinging Strike
0-1: Swinging Strike
0-2: Foul Ball, location: 9LDF
0-2: Foul Ball, location: 9LDF
0-2: Strikes out swinging
Top of the 9th over - 0 runs, 0 hits, 0 errors, 0 left on base; Houston (GCL) 8 - Baltimore (GCL) 1
BOTTOM OF THE 9TH
Baltimore (GCL) Orioles batting - Pitching for Houston (GCL) Astros : RHP Marco Tinajero
Now at 1B: Esteban Rivas
Batting: RHB Eddie Medina 0-0: Ball
1-0: Ball
2-0: Ball
3-0: Called Strike
3-1: SINGLE (Groundball, 13S, EV 72.5 MPH) (infield hit)
Pitching: RHP Mike Trombetta
Pinch Hitting: SHB Bob Snyder 0-0: Called Strike
0-1: Grounds out, U3 (Groundball, 3L, EV 78.1 MPH)
Pinch Hitting: RHB Melvin Paredes 0-0: Called Strike
0-1: Called Strike
0-2: Ball
1-2: Fly out, F9 (Flyball, 9D, EV 107.5 MPH)
Runner from 2nd tags up, SAFE at 3rd, no throw by RF
Pinch Hitting: RHB Alejandro Madera 0-0: Ball
1-0: Ball
2-0: SINGLE (Groundball, 6MD, EV 96.9 MPH)
Eddie Medina scores
Pinch Hitting: LHB Luis Diaz 0-0: Ball
1-0: Swinging Strike
1-1: Ball
2-1: Swinging Strike
2-2: Foul Ball, location: 5DF
2-2: Strikes out swinging
Bottom of the 9th over - 1 run, 2 hits, 0 errors, 1 left on base; Houston (GCL) 8 - Baltimore (GCL) 2
Monday, May 13th , 2024 - OOTP Baseball 24.11 Build 85